 Dungeon Crawl Stone Soup version 0.14-a0-2730-g72a2965 (webtiles) character file.

184 Badjas the Ducker (level 3, 0/27 HPs)
             Began as a Demonspawn Gladiator on Feb 20, 2014.
             Killed from afar by an orc wizard (8 damage)
             ... with a magic dart
             ... on Level 3 of the Dungeon.
             The game lasted 00:11:19 (1891 turns).

Badjas the Ducker (Demonspawn Gladiator)            Turns: 1891, Time: 00:11:19

HP   0/27        AC  2     Str 15      XL: 3   Next: 83%
MP   3/3         EV 13     Int 10      God:
Gold 123         SH  0     Dex 13      Spells:  0 memorised,  2 levels left

rFire  . . .     SeeInvis .     a - +0 trident
rCold  . . .     Clarity  .     (no armour)
rNeg   . . .     Conserve .     (no shield)
rPois  .         rCorr    .     (helmet restricted)
rElec  .         rRot     .     (no cloak)
SustAb . .       Spirit   .     (no gloves)
rMut   .         Warding  .     (no boots)
Saprov . . .     Stasis   +     l - amulet of stasis {unknown}
MR     .....                    (no ring)
                                (no ring)

@: not resistant to hostile enchantments, unstealthy
A: antennae 1, yellow scales 1
a: no special abilities


You were on level 3 of the Dungeon.
You were not hungry.

You visited 1 branch of the dungeon, and saw 3 of its levels.

You collected 123 gold pieces.

Inventory:

Hand weapons
 a - a +0,+0 trident (weapon)
 v - a +0,+0 sling
Missiles
 d - 2 throwing nets (quivered)
 o - 13 darts
 p - a throwing net [frayed]
 w - 30 stones
Armour
 b - a +0 leather armour
Comestibles
 f - 3 bread rations
 x - 2 chunks of quokka flesh
Scrolls
 c - 2 scrolls of noise {unknown}
 g - a scroll of recharging {unknown}
 h - 5 scrolls of remove curse {unknown}
 i - a scroll of enchant armour {unknown}
 j - a scroll of random uselessness {unknown}
 k - 4 scrolls of identify {unknown}
 n - 2 scrolls of magic mapping {unknown}
 s - a scroll of fear {unknown}
 u - a scroll of teleportation {unknown}
Jewellery
 l - an amulet of stasis (around neck) {unknown}
Potions
 e - a potion of lignification {unknown}
 m - a potion of invisibility {unknown}
 q - a potion of paralysis {unknown}
 r - 3 potions of curing {unknown}
 t - a potion of mutation {unknown}


   Skills:
 + Level 2.2 Fighting
 + Level 3.0 Polearms
 + Level 0.6 Slings
 + Level 2.1 Throwing
 + Level 0.8 Armour
 + Level 3.5 Dodging
 + Level 0.2 Stealth


You had 2 spell levels left.
You didn't know any spells.

Dungeon Overview and Level Annotations

Branches:
Dungeon (3/16)

Altars:


Innate Abilities, Weirdness & Mutations

You have a pair of small antennae on your head.
You are partially covered in yellow scales (AC +2).


Message History

You puncture the orc!
You kill the orc!
The orc wizard barely misses you.
You barely miss the orc wizard.
The orc wizard hits you with an orcish dagger.
The orc wizard closely misses you.
You puncture the orc wizard!
The orc wizard is severely wounded.
The orc wizard casts a spell at you. The magic dart hits you!
* * * LOW HITPOINT WARNING * * *
You are too injured to fight recklessly!
You are too injured to fight recklessly!
You are too injured to fight recklessly!
You are too injured to fight recklessly!
You closely miss the orc wizard.
The orc wizard is severely wounded.
The orc wizard gestures at you while chanting.
The magic dart hits you!
You die...

###############
#...............
#.#####....###### #.#
#.......... #.# #>...######
#.######.### #.....##.#
#.<...##.##################
#.........@o...............
#.....##.##################
#.<...##.# #.###.##b# #?.
... ..... .... #.# ##.#
##.. #.# #.# #.. . #.# #..
#.# ..


You could see an orc wizard.

Vanquished Creatures
  An adder (D:2)
  A worm (D:1)
  An ooze (D:1)
  An orc (D:3)
  4 goblins
  7 hobgoblins
  4 jackals (D:1)
  A quokka (D:3)
  4 ball pythons
  7 bats
  2 giant geckos
  3 giant newts
  A hobgoblin zombie (D:1)
  2 kobolds
  A rat (D:2)
40 creatures vanquished.

Notes
Turn   | Place    | Note
--------------------------------------------------------------
     0 | D:1      | Badjas, the Demonspawn Gladiator, began the quest for the Orb.
     0 | D:1      | Reached XP level 1. HP: 16/16 MP: 1/1
    95 | D:1      | Reached skill level 3 in Dodging
   263 | D:1      | Gained mutation: You have a pair of small antennae on your head. [demonic ancestry]
   263 | D:1      | Reached XP level 2. HP: 19/22 MP: 2/2
   839 | D:1      | Gained mutation: You are partially covered in yellow scales (AC +2). [demonic ancestry]
   839 | D:1      | Reached XP level 3. HP: 19/27 MP: 3/3
  1891 | D:3      | Killed from afar by an orc wizard

Action                   || total
-------------------------++-------
Melee: Trident           ||   154
 Fire: Sling             ||    17
Throw: Throwing net      ||     3
       Dart              ||     9
 Stab: Sleeping          ||     1
